 Dungeon Crawl Stone Soup version 0.27-a0-899-ge2d0b17 (webtiles) character file.

Game seed: 10763920550997468782

30 Nithhogg the Skirmisher (level 3, -1/29 HPs)
             Began as a Demonspawn Fighter on Apr 5, 2021.
             Succumbed to Sigmund's poison
             ... on level 2 of the Dungeon.
             The game lasted 00:01:12 (1103 turns).

Nithhogg the Skirmisher (Demonspawn Fighter)        Turns: 1103, Time: 00:01:12

Health: -1/29      AC:  6    Str: 17    XL:     3   Next: 3%
Magic:  3/3        EV:  9    Int:  9    God:
Gold:   9          SH:  0    Dex: 12    Spells: 2/2 levels left

rFire    . . .     SeeInvis .   a - +0 long sword
rCold    . . .     Faith    .   (no shield)
rNeg     . . .     Spirit   .   b - +0 scale mail
rPois    .         Reflect  .   (no helmet)
rElec    .         Harm     .   (no cloak)
rCorr    .         Rampage  .   (no gloves)
Will     .....                  (no boots)
Stlth    ..........             (no amulet)
HPRegen  0.09/turn              (no ring)
MPRegen  0.08/turn              (no ring)

@: mighty, lethally poisoned (-1 -> -7), hasted, very quick
A: foul stench 1
a: no special abilities


You were on level 2 of the Dungeon.
You visited 1 branch of the dungeon, and saw 2 of its levels.

You collected 9 gold pieces.

Inventory:

Hand Weapons
 a - a +0 long sword (weapon)
Armour
 b - a +0 scale mail (worn)
 c - a +0 kite shield
Scrolls
 e - 2 scrolls of identify {unknown}
 g - a scroll of fear {unknown}
 h - a scroll of magic mapping {unknown}
 i - a scroll of fog {unknown}
Potions
 f - a potion of haste


   Skills:
 + Level 3.2 Fighting
 * Level 2.4 Long Blades
 + Level 2.9 Armour
 + Level 0.8 Dodging
 - Level 2.6 Shields


You had 2 spell levels left.
You didn't know any spells.
Your spell library was empty.

Dungeon Overview and Level Annotations

Branches:
Dungeon (2/15)

Altars:

Annotations:
D:2 Sigmund


Innate Abilities, Weirdness & Mutations

You may rarely emit foul miasma when damaged in melee.


Message History

Sigmund shouts!
Sigmund points at you and mumbles some strange words.
The magic dart hits you. The quokka bites you.
Your scale mail prevents you from hitting the quokka.
The quokka bites you. x2
You slash the quokka!
You kill the quokka!
You have reached level 3!
Your experience leads to an increase in your attributes!
Increase (S)trength, (I)ntelligence, or (D)exterity?
You feel stronger.
Found an embroidered cloak.
A frilled lizard comes into view.
The frilled lizard moves out of view.
Found 6 gold pieces and an emerald potion.
You feel very mighty all of a sudden.
Sigmund hits you with a +1 scythe of venom!
You closely miss Sigmund. Sigmund barely misses you.
You riposte.
You slice Sigmund!!
Sigmund is severely wounded.
The frilled lizard bites you but does no damage. x2
Sigmund hits you with a +1 scythe of venom.
* * * LOW HITPOINT WARNING * * *
You are lethally poisoned!
It was a potion of haste.
You feel yourself speed up.
* * * LOW HITPOINT WARNING * * *
You feel very sick. Sigmund barely misses you.
The frilled lizard barely misses you.
You riposte.
You miss the frilled lizard. You barely miss Sigmund.
Sigmund is severely wounded.
* * * LOW HITPOINT WARNING * * *
You feel sick. The frilled lizard closely misses you.
You riposte.
You hit the frilled lizard.
You kill the frilled lizard!
Sigmund barely misses you.
You hit Sigmund.
Sigmund is severely wounded.
You die...

.#........##
#..........#
#.####..........# #
..........!.....# .#
#>..............###.#..
#..................$!
#.................# ..
#...........>.#...##..##
#...........@###@†......
#.............##@#....#.
#.........##.....# .....
#.###.######..#..# ...#
#. #.# ##.##.# ### #.
#.# #.#.... #.###.#
........ #..#..#
....[..... ##...####.
.........#.


You could see Sigmund.

Vanquished Creatures
  A dart slug (D:1)
  A bat (D:1)
  3 endoplasms (D:1)
  2 goblins
  2 hobgoblins (D:1)
  3 jackals (D:1)
  3 kobolds (D:1)
  2 quokkas
  2 ball pythons (D:1)
  5 frilled lizards
  A rat (D:1)
25 creatures vanquished.

Notes
Turn   | Place    | Note
-------+----------+-------------------------------------------
     0 | D:1      | Nithhogg the Demonspawn Fighter began the quest for the
                  | Orb.
     0 | D:1      | Reached XP level 1. HP: 18/18 MP: 1/1
   189 | D:1      | Gained mutation: You may rarely emit foul miasma when
                  | damaged in melee. [demonic ancestry]
   189 | D:1      | Reached XP level 2. HP: 24/24 MP: 2/2
  1088 | D:2      | Noticed Sigmund
  1093 | D:2      | Reached XP level 3. HP: 20/29 MP: 3/3
  1102 | D:2      | HP: 1/29 [poisoned by Sigmund]
  1103 | D:2      | Succumbed to Sigmund's poison

Illustrated notes

Levels and vault maps discovered:
D:1:      onia_arrival_mini_spirals, layout_loops_ring,
          hangedman_decor_clover_reticule
D:2:      layout_rooms, serial_shops, nicolae_shop_trees, uniq_sigmund

Skill      XL: |  1 |
---------------+----+-----
Long Blades    | 2 |  2.4
Fighting       | |  3.2
Armour         | |  2.9
Dodging        | |  0.8
Shields        | |  2.6

Action                   || total
-------------------------++-------
Melee: Long sword        ||    64
  Use: Potion            ||     2
Armor: Scale mail        ||    34
Dodge: Dodged            ||    33
       Rpst.: Long sword ||    14

Table legend: (Time is in decaauts)
 A = Elapsed time spent in this place.
 B = Non-inter-level travel time spent in this place.
 C = Inter-level travel time spent in this place.
 D = Time resting spent in this place.
 E = Time spent auto-exploring this place.
 F = Levels seen in this place.
 G = Mean time per level.
                   A        B        C        D        E       F      G
               +--------+--------+--------+--------+--------+-----+--------+
         Total |   1121 |   1079 |     42 |      0 |    916 |   2 |  560.5 |
       Dungeon |   1121 |   1079 |     42 |      0 |    916 |   2 |  560.5 |
               +--------+--------+--------+--------+--------+-----+--------+

Top non-repeatable levels by time:
     D:1: 1042 daAuts
     D:2: 78 daAuts
